 Dungeon Crawl Stone Soup version 0.23-a0-677-g07611c5 (webtiles) character file.

345 JeffiDaFish the Skirmisher (level 6, 0/40 HPs)
             Began as a Gargoyle Fighter on Jan 9, 2019.
             Slain by a two-headed ogre
             ... wielding a +0 giant spiked club
              (3 damage)
             ... on level 4 of the Dungeon.
             The game lasted 00:06:35 (2510 turns).

JeffiDaFish the Skirmisher (Gargoyle Fighter)       Turns: 2510, Time: 00:06:35

Health: 0/40       AC: 17    Str: 22    XL:     6   Next: 58%
Magic:  6/6        EV:  5    Int:  8    God:
Gold:   127        SH: 10    Dex:  9    Spells: 5/5 levels left

rFire    . . .     SeeInvis .   j - +0 morningstar
rCold    . . .     Gourm    .   c - +1 shield
rNeg     + . .     Faith    .   k - +1 chain mail
rPois    ∞         Spirit   .   (helmet restricted)
rElec    +         Reflect  .   i - +0 cloak
rCorr    .         Harm     .   (no gloves)
MR       .....                  (no boots)
Stlth    ..........             h - amulet of rage
HPRegen  0.13/turn              (no ring)
MPRegen  0.10/turn              (no ring)

@: no status effects
A: antennae 1, negative energy resistance 1, shaggy fur 1, electricity
resistance, unbreathing, petrification resistance, rot immunity, AC +4
a: Evoke Berserk Rage


You were on level 4 of the Dungeon.
You were not hungry.

You visited 1 branch of the dungeon, and saw 4 of its levels.

You collected 127 gold pieces.

Inventory:

Hand Weapons
 j - a +0 morningstar (weapon)
Armour
 c - a +1 shield (worn)
 i - a +0 cloak (worn)
 k - a +1 chain mail (worn)
Jewellery
 h - an amulet of rage (around neck)
Wands
 n - a wand of paralysis (5)
Scrolls
 a - 2 scrolls of blinking
 e - 3 scrolls of identify
Potions
 b - a potion of flight
 d - a potion of might
 m - a potion of brilliance
Comestibles
 f - 10 rations
 g - 2 chunks of flesh


   Skills:
 * Level 5.3 Fighting
 * Level 4.0 Maces & Flails
 + Level 4.3 Armour
 + Level 4.4 Shields


You had 5 spell levels left.
You didn't know any spells.
Your spell library was empty.

Dungeon Overview and Level Annotations

Branches:
Dungeon (4/15)
 Temple: D:4-7

Altars:
Dithmenos
Vehumet


Innate Abilities, Weirdness & Mutations

You are resistant to torment.
Your stone body is resilient. (AC +4)
You are immune to poison.
You resist negative energy. (rN+)
You are resistant to electric shocks. (rElec)
You can survive without breathing.
You are immune to petrification.
You are immune to rotting.
You have a pair of small antennae on your head.
You are covered in fur. (AC +1)


Message History

The two-headed ogre hits you with a +0 giant spiked club!
You hit the two-headed ogre.
The two-headed ogre is severely wounded.
The frilled lizard bites you but does no damage.
The two-headed ogre hits you with a +0 giant spiked club.
You block the two-headed ogre's attack. You block the frilled lizard's attack.
You sock the two-headed ogre!
The two-headed ogre is severely wounded.
You block the frilled lizard's attack. You block the two-headed ogre's attack.
The two-headed ogre hits you with a +0 giant spiked club!
* * * LOW HITPOINT WARNING * * *
You hit the two-headed ogre but do no damage.
The two-headed ogre is severely wounded.
The frilled lizard bites you but does no damage.
You block the two-headed ogre's attack. x2
The frilled lizard bites you but does no damage.
Your shield and chain mail prevent you from hitting the two-headed ogre.
The two-headed ogre is severely wounded.
The two-headed ogre hits you with a +0 giant spiked club.
You die...

#..### #..........#.###.....
#..##########.##...###........###
.................................
..###########.####.#####...######
### #.# #...##...## ## # #.#
####.#...## #.. #
#.###....>....## #.# #.
#..######...# # #@## #.#.#
#..)Ol.# #.#.# ...........# #...#
...........>###.####
............#......#
............#.....[#
............#...<..#
............########


You could see a two-headed ogre and a frilled lizard.

Vanquished Creatures
  A phantom (D:4)
  A worker ant (D:4)
  2 orc wizards (D:4)
  A hound skeleton (D:4)
  4 adders
  A gnoll (D:1)
  3 oozes
  An adder skeleton (D:4)
  4 worms
  A dart slug (D:4)
  A leopard gecko (D:1)
  7 orcs
  A ball python (D:3)
  6 giant cockroaches
  8 goblins
  5 hobgoblins
  12 jackals
  9 kobolds
  A quokka (D:2)
  9 bats
  6 frilled lizards
  8 rats
92 creatures vanquished.

Notes
Turn   | Place    | Note
-------+----------+-------------------------------------------
     0 | D:1      | JeffiDaFish the Gargoyle Fighter began the quest for the
                  | Orb.
     0 | D:1      | Reached XP level 1. HP: 14/14 MP: 1/1
    49 | D:1      | Reached XP level 2. HP: 15/19 MP: 2/2
   110 | D:1      | Gained mutation: You have a pair of small antennae on your
                  | head. [potion of mutation]
   110 | D:1      | Gained mutation: You are covered in fur. (AC +1) [potion of
                  | mutation]
   144 | D:1      | Reached XP level 3. HP: 23/24 MP: 3/3
   580 | D:1      | Reached skill level 4 in Fighting
   647 | D:1      | Reached XP level 4. HP: 29/29 MP: 4/4
   965 | D:2      | Found a shadowy altar of Dithmenos.
  1758 | D:3      | Reached XP level 5. HP: 34/34 MP: 5/5
  2008 | D:3      | Found a radiant altar of Vehumet.
  2297 | D:4      | Reached skill level 5 in Fighting
  2297 | D:4      | Reached XP level 6. HP: 35/40 MP: 6/6
  2379 | D:4      | Noticed a phantom
  2440 | D:4      | Killed a phantom
  2497 | D:4      | Noticed a two-headed ogre
  2505 | D:4      | HP: 1/40 [two-headed ogre/+0 giant spiked club (6)]
  2510 | D:4      | Slain by a two-headed ogre

Vault maps used:
D:1:      erik_arrival_gehennom, minmay_cupped
D:2:      nicolae_dithmenos_through_a_glass_darkly
D:3:      fiery_altar_vehumet, first_ration, item_on_display_b
D:4:      serial_shops, nicolae_shop_waterfront, uniq_duvessa

Skill      XL: |  1  2  3  4  5  6 |
---------------+-------------------+-----
Fighting       | 4 5 |  5.3
Maces & Flails | 3 4 |  4.0
Shields        | 4 |  4.4
Armour         | 4 |  4.3

Action                   |  1- 3 |  4- 6 || total
-------------------------+-------+-------++-------
Melee: Flail             |   131 |   155 ||   286
       Morningstar       |       |   149 ||   149
  Use: Scroll            |     4 |     6 ||    10
       Potion            |     2 |     6 ||     8
  Eat: Chunk             |       |     6 ||     6
Armor: Scale mail        |    85 |    29 ||   114
       Chain mail        |       |   234 ||   234
Dodge: Dodged            |    47 |    72 ||   119
Block: Shield            |    85 |   205 ||   290

Table legend:
 A = Non-vault XP
 B = Vault XP
 C = Vault XP percentage of total XP
 D = Non-vault monster count
 E = Vault monster count
 F = Vault count percentage of total count
                 A         B        C        D         E       F
            +---------+---------+-------+---------+---------+-------
      Total |     472 |      22 |   4.5 |      85 |       7 |   7.6
            +---------+---------+-------+---------+---------+-------
        D:1 |      63 |      22 |  25.9 |      31 |       7 |  18.4
        D:2 |      54 |       0 |   0.0 |      17 |       0 |   0.0
        D:3 |      43 |       0 |   0.0 |      22 |       0 |   0.0
        D:4 |     312 |       0 |   0.0 |      15 |       0 |   0.0
            +---------+---------+-------+---------+---------+-------
